[Event "FIDE WCCC Open-12 2024"]
[Site "Montesilvano"]
[Date "2024.11.19"]
[Round "5.58"]
[White "Son, Juwon"]
[Black "Teo, Hong Kai Javier"]
[Result "1-0"]
[ECO "C06"]
[WhiteElo "1448"]
[BlackElo "1675"]
[Annotator "NA RC"]
[PlyCount "51"]
[EventDate "2024.11.18"]
[EventType "swiss"]
[EventCountry "ITA"]
[SourceTitle "playchess.com"]
[Source "ChessBase"]
[SourceQuality "1"]
[TimeControl "5400+30"]

1. e4 e6 2. d4 d5 3. Nd2 Nf6 4. e5 Nfd7 5. Bd3 c5 6. c3 Nc6 7. Ne2 Qb6 8. Nf3 cxd4 9. cxd4 Bb4+ 10. Kf1 Be7 11. a3 a5 12. h4 f6 13. Nf4 Ndb8 14. exf6 Bxf6 15. Ng5 g6 16. Nxh7 Rxh7 17. Bxg6+ Rf7 18. Bxf7+ Kxf7 19. Qh5+ Ke7 20. Ng6+ Kd8 21. Bg5 Bxg5 22. Qxg5+ Kc7 23. Qf4+ e5 24. dxe5 Be6 25. Nf8 Nd4 26. Qxd4 1-0

[Event "FIDE WCCC Open-12 2024"]
[Site "Montesilvano"]
[Date "2024.11.19"]
[Round "5.59"]
[White "Zhan, Jayden Zihan"]
[Black "Pennacchia, Domenico"]
[Result "1/2-1/2"]
[ECO "B25"]
[WhiteElo "1670"]
[BlackElo "1510"]
[Annotator "NA RC"]
[PlyCount "104"]
[EventDate "2024.11.18"]
[EventType "swiss"]
[EventCountry "ITA"]
[SourceTitle "playchess.com"]
[Source "ChessBase"]
[SourceQuality "1"]
[TimeControl "5400+30"]

1. e4 c5 2. Nc3 Nc6 3. g3 g6 4. Bg2 Bg7 5. d3 d6 6. f4 e6 7. Nf3 Nge7 8. O-O O-O 9. Be3 Nd4 10. e5 Nef5 11. Bf2 Nxf3+ 12. Qxf3 Nd4 13. Qd1 dxe5 14. fxe5 Bxe5 15. Ne4 Nc6 16. Bxc5 Bd4+ 17. Bxd4 Qxd4+ 18. Kh1 f5 19. Nc3 Bd7 20. Rf4 Qf6 21. Qd2 a6 22. Re1 Rab8 23. Na4 b6 24. Qe3 g5 25. Rff1 Nd4 26. Nxb6 Rxb6 27. c3 Rxb2 28. cxd4 Rxa2 29. Ra1 Rxa1 30. Rxa1 Bb5 31. Re1 Rd8 32. d5 exd5 33. Qc5 Qd6 34. Qe3 Qf6 35. Qc5 Qd6 36. Qe3 h6 37. Qf3 Qf6 38. Bh3 d4 39. Qxf5 Qxf5 40. Bxf5 Kg7 41. Re6 a5 42. Rb6 Be8 43. Ra6 a4 44. Ra5 Rb8 45. Be6 Rb1+ 46. Kg2 Bc6+ 47. Kh3 Rb2 48. Bc8 a3 49. Ba6 Bf3 50. g4 Rb3 51. Bc4 Rc3 52. Ra7+ Kg6 1/2-1/2

[Event "FIDE WCCC Open-12 2024"]
[Site "Montesilvano"]
[Date "2024.11.19"]
[Round "5.60"]
[White "Italiani, Luca"]
[Black "Sobirov, Feruzbek"]
[Result "1/2-1/2"]
[ECO "C02"]
[WhiteElo "1634"]
[BlackElo "1487"]
[Annotator "NA RC"]
[PlyCount "130"]
[EventDate "2024.11.18"]
[EventType "swiss"]
[EventCountry "ITA"]
[SourceTitle "playchess.com"]
[Source "ChessBase"]
[SourceQuality "1"]
[TimeControl "5400+30"]

1. e4 e6 2. d4 d5 3. e5 c5 4. Nf3 Nc6 5. c3 Qb6 6. Bd3 cxd4 7. cxd4 Bd7 8. O-O Nxd4 9. Nxd4 Qxd4 10. Re1 Ne7 11. Nc3 Nc6 12. Nb5 Qb6 13. Be3 d4 14. Bf4 a6 15. Nd6+ Bxd6 16. exd6 O-O 17. Rb1 Rfe8 18. h3 e5 19. Bg3 Qb4 20. Qh5 g6 21. Qh6 Qxd6 22. Bc4 Qf8 23. Qg5 Qg7 24. h4 e4 25. Bd6 e3 26. fxe3 dxe3 27. Bf4 Qd4 28. Rbd1 Qxc4 29. Rxd7 e2 30. Qf6 Qe6 31. Qxe6 Rxe6 32. Rxb7 Nd4 33. Kf2 Rae8 34. Rb8 Rxb8 35. Bxb8 h5 36. Ba7 Nf5 37. g3 Kg7 38. Bb8 Nd4 39. Ba7 Nf5 40. a4 Re4 41. Rxe2 Rxe2+ 42. Kxe2 Nxg3+ 43. Kd3 Nf5 44. Kc4 Ne7 45. Kc5 f5 46. Kc4 Kf7 47. b4 Ke6 48. Bb6 f4 49. b5 axb5+ 50. axb5 Kd7 51. Kd4 Nf5+ 52. Ke4 Nxh4 53. Kxf4 Kc8 54. Bg1 Nf5 55. Ke5 h4 56. b6 Ng3 57. Kd6 Kb7 58. Ke6 Ne2 59. Bh2 Nd4+ 60. Kf6 Nf3 61. Bc7 g5 62. Kf5 h3 63. Kg4 h2 64. Bxh2 Nxh2+ 65. Kxg5 Kxb6 1/2-1/2

[Event "FIDE WCCC Open-12 2024"]
[Site "Montesilvano"]
[Date "2024.11.19"]
[Round "5.61"]
[White "Mintz, Nathan"]
[Black "Mamarasulov, Husan"]
[Result "1/2-1/2"]
[ECO "A37"]
[WhiteElo "1633"]
[BlackElo "1407"]
[Annotator "NA RC"]
[PlyCount "190"]
[EventDate "2024.11.18"]
[EventType "swiss"]
[EventCountry "ITA"]
[SourceTitle "playchess.com"]
[Source "ChessBase"]
[SourceQuality "1"]
[TimeControl "5400+30"]

1. c4 c5 2. Nc3 Nc6 3. g3 g6 4. Bg2 Bg7 5. Nf3 e5 6. O-O Nge7 7. d3 d6 8. Bg5 Be6 9. Qd2 h6 10. Bxe7 Nxe7 11. Ne1 Qd7 12. Nc2 O-O 13. Ne3 Bh3 14. Ned5 Nxd5 15. Nxd5 Bxg2 16. Kxg2 f5 17. a3 f4 18. h3 b5 19. Rab1 Qf7 20. gxf4 exf4 21. f3 Kh7 22. Kh2 Rae8 23. b4 bxc4 24. dxc4 Bd4 25. bxc5 dxc5 26. Rb3 Re3 27. Nxe3 fxe3 28. Qe1 Be5+ 29. Kg2 Qf4 30. Rb7+ Kg8 31. Rh1 Qg5+ 32. Kf1 Qh5 33. h4 Rxf3+ 34. exf3 Qxf3+ 35. Kg1 Qxb7 36. Rh3 Qe4 37. Qe2 h5 38. Kf1 Bd4 39. Rg3 Kf7 40. Qf3+ Qxf3+ 41. Rxf3+ Ke6 42. Ke2 Ke5 43. a4 a5 44. Rf8 Ke4 45. Rf7 Bc3 46. Rd7 Kf4 47. Rd5 Bf6 48. Rxc5 Bxh4 49. Rxa5 g5 50. Rd5 g4 51. Rxh5 Bd8 52. Rh1 g3 53. Rg1 Bb6 54. Rg2 Kg4 55. Rg1 Kf4 56. Rg2 Kg4 57. a5 Bxa5 58. Kxe3 Bb6+ 59. Ke2 Bc5 60. Kf1 Kf3 61. Rc2 Ke3 62. Kg2 Kd3 63. Rc1 Ba3 64. Ra1 Bc5 65. Kxg3 Kxc4 66. Rc1+ Kb5 67. Kf3 Bd6 68. Ke4 Kb6 69. Kd5 Bb8 70. Ke6 Kb7 71. Kd7 Ba7 72. Rb1+ Ka8 73. Rh1 Kb7 74. Rh7 Bb6 75. Kd6+ Ka8 76. Kc6 Ba7 77. Rh8+ Bb8 78. Kb5 Kb7 79. Rh7+ Ka8 80. Ka6 Bd6 81. Kb5 Bb8 82. Kc6 Ba7 83. Rh1 Bb8 84. Kb6 Ba7+ 85. Ka6 Bb8 86. Rb1 Ba7 87. Rb5 Bb8 88. Kb6 Ba7+ 89. Kc7 Bd4 90. Rb8+ Ka7 91. Rb5 Bc3 92. Rb3 Be5+ 93. Kc6 Ka8 94. Kd5 Bb8 95. Kc6 Ba7 1/2-1/2

[Event "FIDE WCCC Open-12 2024"]
[Site "Montesilvano"]
[Date "2024.11.19"]
[Round "5.67"]
[White "Williams, Henry"]
[Black "Zutautas, Mantas"]
[Result "0-1"]
[ECO "D02"]
[WhiteElo "1695"]
[BlackElo "1540"]
[Annotator "NA RC"]
[PlyCount "96"]
[EventDate "2024.11.18"]
[EventType "swiss"]
[EventCountry "ITA"]
[SourceTitle "playchess.com"]
[Source "ChessBase"]
[SourceQuality "1"]
[TimeControl "5400+30"]

1. d4 d5 2. Bf4 Nf6 3. e3 e6 4. Nf3 c5 5. c3 Nc6 6. Nbd2 Bd6 7. Bg5 O-O 8. Bd3 Qb6 9. Qc2 c4 10. Be2 Be7 11. O-O h6 12. Bh4 Bd7 13. h3 Rfe8 14. Rfe1 Qa5 15. b4 cxb3 16. Nxb3 Qc7 17. Bg3 Bd6 18. Bxd6 Qxd6 19. Nc5 Na5 20. Ne5 b6 21. Ncxd7 Nxd7 22. Nxd7 Qxd7 23. a4 Rec8 24. Rec1 Nc4 25. Bxc4 Rxc4 26. Kh2 Rac8 27. Ra3 R8c7 28. g3 R7c6 29. h4 Qc7 30. Qd2 a6 31. f4 b5 32. axb5 axb5 33. Qb2 b4 34. Rb3 Rxc3 35. Rcxc3 Rxc3 36. Kh3 Rxb3 37. Qxb3 Qc3 38. Qxc3 bxc3 39. Kg2 c2 40. Kf2 c1=Q 41. Kf3 f5 42. Kg2 Qxe3 43. Kh3 Qg1 44. h5 Kh7 45. g4 fxg4+ 46. Kh4 g3 47. f5 exf5 48. Kh3 Qh2# 0-1

[Event "FIDE WCCC Open-12 2024"]
[Site "Montesilvano"]
[Date "2024.11.19"]
[Round "5.70"]
[White "Boiko, Nazar"]
[Black "Anuzis, Finas"]
[Result "1-0"]
[ECO "D20"]
[WhiteElo "1614"]
[BlackElo "1614"]
[Annotator "NA RC"]
[PlyCount "122"]
[EventDate "2024.11.18"]
[EventType "swiss"]
[EventCountry "ITA"]
[SourceTitle "playchess.com"]
[Source "ChessBase"]
[SourceQuality "1"]
[TimeControl "5400+30"]

1. e4 e6 2. d4 d5 3. exd5 exd5 4. c4 Nf6 5. Nc3 Bb4 6. Nf3 O-O 7. Bd3 dxc4 8. Bxc4 c6 9. O-O Bd6 10. Bg5 Nbd7 11. Re1 Qc7 12. Rc1 Bf4 13. Bxf4 Qxf4 14. Qd2 Qxd2 15. Nxd2 Nb6 16. Bb3 Bd7 17. Nde4 Nxe4 18. Nxe4 Rad8 19. Nc5 Bc8 20. Re7 Nd7 21. Nxd7 Rxd7 22. Rce1 g6 23. Rxd7 Bxd7 24. Re7 Bc8 25. f3 a5 26. g4 h6 27. h4 Kg7 28. g5 hxg5 29. hxg5 b5 30. a3 Kh7 31. Bxf7 Kh8 32. Bxg6 Rf4 33. Re5 Rxf3 34. Re8+ Kg7 35. Rxc8 Kxg6 36. Rxc6+ Kxg5 37. Rc5+ Kf4 38. Rxb5 Ke4 39. d5 Ke5 40. Kg2 Rd3 41. Kf2 Rxd5 42. Rxd5+ Kxd5 43. Ke2 Kc4 44. Kd2 Kb3 45. Kc1 a4 46. Kb1 Kc4 47. Kc2 Kb5 48. Kd3 Kc5 49. Kc3 Kb5 50. Kd4 Kb6 51. Kc4 Ka5 52. Kc5 Ka6 53. Kb4 Kb6 54. Kxa4 Ka6 55. Kb4 Kb6 56. a4 Kc6 57. Kc4 Kb6 58. b4 Ka6 59. Kc5 Kb7 60. b5 Ka7 61. a5 Kb7 1-0